 Dungeon Crawl Stone Soup version 0.19-a0-1875-g4fea3da (webtiles) character file.

32917 Amnesiac the Protected (level 14, -2/162 HPs)
             Began as a Halfling Berserker on Oct 13, 2016.
             Was the Champion of Trog.
             Killed from afar by a deep elf knight (47 damage)
             ... with a stone arrow
             ... on level 1 of the Elven Halls.
             The game lasted 00:33:40 (15655 turns).

Amnesiac the Protected (Halfling Berserker)        Turns: 15655, Time: 00:33:41

Health: -2/162     AC: 16    Str: 33    XL:     14   Next: 5%
Magic:  14/14      EV: 26    Int: 18    God:    Trog [******]
Gold:   974        SH:  7    Dex: 20    Spells: 0 memorised, 13 levels left

rFire  + + .     SeeInvis +     Y - +11 quick blade of Fortitude {pierce, *Corrode rC+ Str+9 Dex-3}
rCold  + + .     Gourm    .     T - +2 robe {rC+ rF+}
rNeg   + . .     Faith    .     p - +0 buckler
rPois  +         Spirit   .     N - +1 helmet
rElec  .         Dismiss  .     r - +2 cloak
rCorr  .         Reflect  .     E - +0 pair of gloves
MR     .....     Harm     .     q - +2 pair of boots of the Peculiar Mice {rPois MR- Int+7 Slay+3}
Stlth  ..........               Q - amulet of rage
                                D - ring of Gan Piduah {rF+ rN+ Int+4 Dex+3 SInv}
                                X - ring of stealth

@: berserking, very quick
A: claws 1, agile 1, blurry vision 1, clever 1, mutation resistance 1, robust 1,
screaming 1, slow regeneration 1
a: Berserk, Trog's Hand, Brothers in Arms, Burn Spellbooks, Renounce Religion,
Evoke Berserk Rage


You were on level 1 of the Elven Halls.
You worshipped Trog.
Trog was exalted by your worship.
You were very hungry.

You visited 4 branches of the dungeon, and saw 16 of its levels.

You collected 1782 gold pieces.
You spent 808 gold pieces at shops.

Inventory:

Hand Weapons
 Y - the +11 quick blade of Fortitude (weapon) {pierce, *Corrode rC+ Str+9 Dex-3}
   (Trog gifted it to you on level 12 of the Dungeon)

   It inflicts extra damage upon your enemies.
   It affects your strength (+9).
   It affects your dexterity (-3).
   It protects you from cold.
   It may corrode you when you take damage.
Missiles
 j - 7 curare-tipped needles
 C - 28 poisoned needles
 R - 2 needles of sleeping
 U - 2 exploding tomahawks (quivered)
 W - 10 needles of confusion
Armour
 p - a +0 buckler (worn)
 q - the +2 pair of boots of the Peculiar Mice (worn) {rPois MR- Int+7 Slay+3}
   (You bought it in a shop on level 4 of the Dungeon)

   It affects your intelligence (+7).
   It affects your accuracy and damage with ranged weapons and melee attacks
   (+3).
   It protects you from poison.
   It affects your resistance to hostile enchantments.
 r - a +2 cloak (worn)
 E - a +0 pair of gloves (worn)
 I - a +0 troll leather armour
 N - a +1 helmet (worn)
 T - a +2 robe of resistance (worn)
Jewellery
 t - an uncursed ring of ice
 D - the ring of Gan Piduah (right hand) {rF+ rN+ Int+4 Dex+3 SInv}
   (You found it on level 5 of the Dungeon)

   [ring of protection from fire]

   It affects your intelligence (+4).
   It affects your dexterity (+3).
   It protects you from fire.
   It protects you from negative energy.
   It lets you see invisible.
 Q - an amulet of rage (around neck)
 X - a ring of stealth (left hand)
Wands
 f - a wand of enslavement (6/24)
 o - a wand of iceblast (7/15)
 B - a wand of digging (8/24)
 F - a wand of flame (25/48)
 G - a wand of lightning (4/15)
 H - a wand of heal wounds (4/9)
Scrolls
 e - 2 scrolls of enchant weapon
 h - 3 scrolls of remove curse
 k - 5 scrolls of teleportation
 n - a scroll of enchant armour
 w - 2 scrolls of identify
 x - 3 scrolls of magic mapping {unknown}
 J - 2 scrolls of fear
 K - a scroll of vulnerability {unknown}
 L - a scroll of amnesia {unknown}
 M - 3 scrolls of recharging {unknown}
 O - 2 scrolls of fog {unknown}
Potions
 d - 6 potions of flight
 g - 5 potions of curing
 i - 2 potions of might
 l - a potion of resistance
 v - 3 potions of agility {unknown}
 z - 3 potions of haste
 A - 4 potions of brilliance
 P - a potion of lignification
 S - a potion of berserk rage {unknown}
Books
 y - a book of Geomancy

   Spells                             Type                      Level
   a - Sandblast                      Earth                        1
   b - Passwall                       Transmutation/Earth          2
   c - Stone Arrow                    Conjuration/Earth            3
   d - Petrify                        Transmutation/Earth          4
   e - Lee's Rapid Deconstruction     Earth                        5
   Trog disapproves of the use of such an item.
 V - a book of Air

   Spells                             Type                      Level
   a - Shock                          Conjuration/Air              1
   b - Swiftness                      Charms/Air                   2
   c - Repel Missiles                 Charms/Air                   2
   d - Static Discharge               Conjuration/Air              3
   e - Lightning Bolt                 Conjuration/Air              5
   Trog disapproves of the use of such an item.
 Z - a book of Beasts

   Spells                             Type                      Level
   a - Summon Butterflies             Summoning                    1
   b - Call Canine Familiar           Summoning                    3
   c - Summon Ice Beast               Ice/Summoning                4
   d - Summon Mana Viper              Hexes/Summoning              5
   e - Summon Hydra                   Summoning                    7
   Trog disapproves of the use of such an item.
Comestibles
 a - 4 beef jerkies
 b - 11 chunks of flesh
 c - 6 bread rations
 m - 8 meat rations
 s - 25 fruits
 u - 2 slices of pizza


   Skills:
 - Level 10.9 Fighting
 - Level 8.0 Short Blades
 - Level 8.4 Throwing
 - Level 12.7 Armour
 - Level 12.6 Dodging
 + Level 5.4 Shields


You had 13 spell levels left.
You didn't know any spells.

Dungeon Overview and Level Annotations

Branches:
Dungeon (12/15)            Temple (0/1) D:6            Lair (1/6) D:8
    Orc (2/2) D:12            Elf (1/3) Orc:2

Altars:
Dithmenos
Okawaru
Ru
Sif Muna
Uskayaw
Beogh

Shops:
D:4 :}}[}   D:7 ?   D:10 =   Orc:1 !   Orc:2 [*}!%


Innate Abilities, Weirdness & Mutations

You are small and have problems with some larger weapons.
You are somewhat resistant to further mutation.
You have sharp fingernails.
You are agile. (Dex +2)
Scrolls take you a little longer to read.
Your mind is acute. (Int +2)
You are robust. (+10% HP)
You occasionally shout uncontrollably at your foes.
You regenerate slowly when monsters are visible.


Message History

You hit the deep elf knight.
The deep elf knight is lightly wounded.
The deep elf knight blocks your attack.
The deep elf knight is lightly wounded.
You puncture the deep elf knight!
The deep elf knight is moderately wounded.
The deep elf knight points at you and mumbles some strange words.
The orb of energy hits you!
* * * LOW HITPOINT WARNING * * *
The orb of energy explodes!
The deep elf knight blocks your attack.
The deep elf knight is moderately wounded.
Some of the chunks of flesh in your inventory have rotted away.
A red film seems to cover your vision as you go berserk!
You feel yourself moving faster!
You feel mighty!
You are feeling very hungry.
The deep elf knight completely misses you.
The deep elf knight casts a spell at you.
The stone arrow hits you!
You die...

#.## ##..# ##.##
##.#.# ##.###....#
##...##### ##.##
########.#
##...≈≈≈..#######
##....≈≈≈.........
#....)≈≈≈≈@#######
#...)≈≈≈≈e.#
#..<.≈≈≈≈≈.#
#....≈≈≈≈≈.#
#....≈≈≈≈≈.#
##....≈≈≈...#
##...≈≈≈....
########... ..


You could see a deep elf knight.

Vanquished Creatures
  An ogre mage (Orc:1)
  A dancing weapon (Elf:1)
  Urug (Orc:1)
  2 orc high priests (Orc:1)
  An unseen horror (D:11)
  4 hill giants
  2 orc knights (Orc:2)
  4 deep elf magi
  8 orc sorcerers
  5 ugly things
  A spiny frog (Lair:1)
  2 komodo dragons
  A rime drake (Lair:1)
  The ghost of Amnesiac the Magician, a novice HaWz (D:4)
  A tengu conjurer (D:10)
  5 trolls
  A two-headed ogre (D:12)
  A hornet (D:11)
  2 hippogriffs
  Sigmund (D:6)
  A shadow (D:12)
  20 yaks
  A wraith (D:12)
  A basilisk (D:11)
  2 wyverns
  A steam dragon (D:8)
  3 hungry ghosts
  A mottled dragon (D:11)
  12 wargs
  2 insubstantial wisps (D:7)
  5 water moccasins
  Duvessa (D:7)
  4 porcupines (Lair:1)
  9 sky beasts
  2 ice beasts
  23 orc warriors
  A hornet zombie (D:10)
  An eye of draining (D:8)
  A black bear (D:11)
  2 necrophages (D:12)
  9 ogres
  3 phantoms
  4 crocodiles
  5 centaurs
  A wyvern zombie (D:12)
  9 bullfrogs
  5 scorpions
  A water moccasin skeleton (D:5)
  Dowan (D:7)
  A wyvern skeleton (D:6)
  6 howler monkeys
  6 crimson imps
  4 bullfrog zombies
  49 orc wizards
  2 bullfrog skeletons
  A centaur skeleton (D:8)
  12 orc priests
  4 hounds
  A jelly (D:5)
  4 iguanas
  Jessica (D:2)
  Ijyb (D:2)
  7 worker ants
  A hound zombie (D:7)
  4 hound skeletons
  A worker ant zombie (D:11)
  16 adders
  3 river rats
  3 shadow imps
  5 adder skeletons
  A worm (D:2)
  12 leopard geckos
  108 orcs
  20 bats
  3 giant cockroaches
  11 goblins
  3 hobgoblins (D:2)
  13 jackals
  6 quokkas
  6 frilled lizards
  A kobold (D:2)
  A leopard gecko skeleton (D:4)
  14 rats
507 creatures vanquished.

Vanquished Creatures (others)
  5 fungi
  3 plants (D:10)
8 creatures vanquished.

Grand Total: 515 creatures vanquished

Notes
Turn   | Place    | Note
-------+----------+-------------------------------------------
     0 | D:1      | Amnesiac the Halfling Berserker began the quest for the Orb.
     0 | D:1      | Reached XP level 1. HP: 15/15 MP: 1/1
   287 | D:1      | Reached XP level 2. HP: 19/20 MP: 2/2
  1101 | D:2      | Reached XP level 3. HP: 22/25 MP: 3/3
  1125 | D:2      | Reached skill level 5 in Short Blades
  1236 | D:2      | Reached ** piety under Trog
  1324 | D:2      | Noticed Ijyb
  1336 | D:2      | Killed Ijyb
  1336 | D:2      | Reached XP level 4. HP: 14/30 MP: 4/4
  1516 | D:2      | Noticed Jessica
  1526 | D:2      | Killed Jessica
  1611 | D:2      | Found a sacrificial altar of Ru.
  1678 | D:2      | Found a faded altar of an unknown god.
  1678 | D:2      | Found a faded altar of an unknown god.
  1683 | D:2      | Found a deep blue altar of Sif Muna.
  1685 | D:2      | Found a faded altar of an unknown god.
  1687 | D:2      | Found a faded altar of an unknown god.
  1854 | D:2      | Reached XP level 5. HP: 27/35 MP: 5/5
  2005 | D:3      | Found a hide-covered altar of Uskayaw.
  2691 | D:4      | Found Xeigeub's Antique Armour Boutique.
  2757 | D:4      | Found Usat Abe's Gadget Boutique.
  2809 | D:4      | Reached XP level 6. HP: 18/41 MP: 6/6
  3110 | D:4      | Found Surygg's Gadget Shoppe.
  3262 | D:4      | Reached *** piety under Trog
  3441 | D:4      | Found a shadowy altar of Dithmenos.
  3441 | D:4      | Noticed a phantom
  3473 | D:4      | Killed a phantom
  3473 | D:4      | Reached XP level 7. HP: 31/48 MP: 7/7
  3661 | D:4      | Noticed Amnesiac's ghost (novice HaWz)
  3748 | D:4      | Killed Amnesiac's ghost
  3748 | D:4      | Reached XP level 8. HP: 40/54 MP: 8/8
  4042 | D:4      | Found Totat's Gadget Boutique.
  4149 | D:4      | Found Bijiop's Book Boutique.
  4243 | D:5      | Entered Level 5 of the Dungeon
  4470 | D:5      | Got a clouded lead ring
  4724 | D:5      | Reached skill level 5 in Dodging
  4837 | D:5      | Found an iron altar of Okawaru.
  4887 | D:5      | Reached skill level 1 in Throwing
  5041 | D:6      | Identified the ring of Gan Piduah {rF+ rN+ Int+4 Dex+3 SInv} (You found it on level 5 of the Dungeon)
  5130 | D:6      | Found a staircase to the Ecumenical Temple.
  5267 | D:6      | Reached skill level 5 in Armour
  5267 | D:6      | Reached XP level 9. HP: 59/59 MP: 9/9
  5319 | D:6      | Noticed Sigmund
  5337 | D:6      | Killed Sigmund
  5337 | D:6      | Reached **** piety under Trog
  5337 | D:6      | Reached skill level 5 in Fighting
  5697 | D:7      | Found Uguffuim's Magic Scroll Boutique.
  5721 | D:7      | Noticed Dowan
  5734 | D:7      | Killed Dowan
  6296 | D:7      | Noticed a hippogriff
  6332 | D:7      | Killed a hippogriff
  6424 | D:7      | Noticed Duvessa
  6448 | D:7      | Killed Duvessa
  6448 | D:7      | Reached XP level 10. HP: 52/69 MP: 10/10
  6608 | D:8      | Gained mutation: You regenerate slowly when monsters are visible. [mutagenic meat]
  6620 | D:8      | Gained mutation: Your mind is acute. (Int +2) [mutagenic meat]
  6976 | D:8      | Reached skill level 5 in Throwing
  7257 | D:8      | Reached ***** piety under Trog
  7859 | D:8      | Noticed a komodo dragon
  8229 | D:7      | HP: 2/71 [orc priest/divine providence (12)]
  8238 | D:6      | Received a gift from Trog
  8239 | D:6      | Got a pitted dagger {god gift}
  8241 | D:6      | Identified the +2 dagger of Battle {elec, rElec rN+} (Trog gifted it to you on level 6 of the Dungeon)
  8545 | D:7      | Killed a komodo dragon
  8673 | D:8      | Found a staircase to the Lair.
  8870 | Lair:1   | Entered Level 1 of the Lair of Beasts
  8901 | Lair:1   | Reached XP level 11. HP: 75/75 MP: 11/11
  9894 | D:4      | Bought a pair of ichor-stained boots for 247 gold pieces
  9904 | D:4      | Identified the +2 pair of boots of the Peculiar Mice {rPois MR- Int+7 Slay+3} (You bought it in a shop on level 4 of the Dungeon)
 10575 | D:9      | Reached skill level 10 in Armour
 10782 | D:4      | Bought a scorched ring mail for 234 gold pieces
 10792 | D:4      | Identified the cursed +1 ring mail "Jeixzu" {rC- Regen+ rCorr} (You bought it in a shop on level 4 of the Dungeon)
 10903 | D:10     | Entered Level 10 of the Dungeon
 10903 | D:10     | Noticed a hill giant
 10910 | D:10     | Killed a hill giant
 10941 | D:10     | Gained mutation: Scrolls take you a little longer to read. [mutagenic meat]
 10947 | D:10     | Noticed a red ugly thing
 10968 | D:10     | Killed a red ugly thing
 11044 | D:10     | Found a roughly hewn altar of Beogh.
 11080 | D:10     | Received a gift from Trog
 11095 | D:10     | Reached skill level 10 in Dodging
 11506 | D:10     | Reached XP level 12. HP: 79/84 MP: 12/12
 11614 | D:10     | Found Delef's Jewellery Boutique.
 12057 | D:11     | Noticed an unseen horror
 12065 | D:11     | Killed an unseen horror
 12309 | D:11     | Received a gift from Trog
 12614 | D:12     | Found a staircase to the Orcish Mines.
 12620 | D:12     | Noticed a sixfirhy
 12711 | D:12     | Received a gift from Trog
 12815 | D:12     | Gained mutation: You are agile. (Dex +2) [mutagenic meat]
 12827 | D:12     | Gained mutation: You have sharp fingernails. [mutagenic meat]
 13022 | D:12     | Reached skill level 10 in Fighting
 13116 | D:12     | Received a gift from Trog
 13119 | D:12     | Got an iridescent quick blade {god gift}
 13120 | D:12     | Identified the +11 quick blade of Fortitude {pierce, *Corrode rC+ Str+9 Dex-3} (Trog gifted it to you on level 12 of the Dungeon)
 13122 | D:12     | Reached XP level 13. HP: 52/92 MP: 13/13
 13405 | Orc:1    | Entered Level 1 of the Orcish Mines
 13658 | Orc:1    | Noticed an ogre mage
 13709 | Orc:1    | Killed an ogre mage
 13888 | Orc:1    | Found Eshree's Distillery.
 13951 | Orc:1    | Noticed Urug
 13963 | Orc:1    | Killed Urug
 14114 | Orc:2    | Entered Level 2 of the Orcish Mines
 14424 | Orc:2    | Received a gift from Trog
 14480 | Orc:2    | Reached ****** piety under Trog
 14490 | Orc:2    | Found Niara's Food Shop.
 14490 | Orc:2    | Found Capau's Distillery.
 14530 | Orc:2    | Bought a potion of mutation for 30 gold pieces
 14530 | Orc:2    | Bought a potion of lignification for 36 gold pieces
 14530 | Orc:2    | Gained mutation: You occasionally shout uncontrollably at your foes. [potion of mutation]
 14531 | Orc:2    | Gained mutation: You are robust. (+10% HP) [potion of mutation]
 14568 | Orc:2    | Received a gift from Trog
 14636 | Orc:2    | Paralysed by an orc sorcerer for 2 turns
 14653 | Orc:2    | Paralysed by an orc sorcerer for 5 turns
 14725 | Orc:2    | Found a roughly hewn altar of Beogh.
 14743 | Orc:2    | Found Gagyziss's Assorted Antiques.
 14744 | Orc:2    | Found Zitzukau's Antique Armour Emporium.
 14826 | Orc:2    | Bought a scroll labeled BODIAN PINIQIR for 23 gold pieces
 14826 | Orc:2    | Bought a fizzy black potion for 20 gold pieces
 14826 | Orc:2    | Bought a silver ring for 115 gold pieces
 14834 | Orc:2    | Bought a buckler for 103 gold pieces
 14937 | Orc:2    | Reached skill level 1 in Shields
 14975 | Orc:2    | Found a staircase to the Elven Halls.
 14985 | Orc:2    | Found Fonk's Gadget Emporium.
 15309 | Elf:1    | Entered Level 1 of the Elven Halls
 15527 | Orc:2    | Reached XP level 14. HP: 108/108 MP: 14/14
 15549 | Orc:2    | Reached skill level 5 in Shields
 15559 | Orc:2    | Received a gift from Trog
 15655 | Elf:1    | Killed from afar by a deep elf knight

Vault maps used:
D:1:      sevenhm_arrival_forest_fort_large_3, chequers_big_river,
          kennysheep_doodads
D:2:      nicolae_overflow_crystal_walls, chequers_temple_overflow_minitemple,
          first_bread, uniq_jessica, uniq_iyjb
D:3:      lemuel_doored_altar, kennysheep_generic_room_2
D:4:      grunt_dithmenos_shadows, serial_shops, shop, shop,
          nicolae_shop_behind_doors, shop, kennysheep_little_box
D:5:      marbit_many_paths, minivault_14, kennysheep_generic_room_7
D:6:      uniq_sigmund
D:7:      serial_shops, shop, uniq_duvessa
D:8:      grunt_lair_entry_orc_guard_hut, hangedman_misty_isle
D:10:     old_forge, serial_shops, shop, special_room, grunt_tengu_nest,
          minivault_19
D:12:     minmay_orc_entry_guard_dogs
Lair:1:   patterned_corridor
Orc:1:    guppyfry_orc_lava_fort, uniq_urug
Orc:2:    st_orc_town, serial_shops, shop
Elf:1:    eino_elf_arrival_sip

Skill      XL: |  1  2  3  4  5  6  7  8  9 10 11 12 13 14 |
---------------+-------------------------------------------+-----
Short Blades   | 4 5 6 7 8 |  8.0
Fighting       | 4 6 7 8 10 | 10.9
Armour         | 4 5 7 8 10 11 12 | 12.7
Dodging        | 4 5 6 8 10 11 12 | 12.6
Throwing       | 4 5 6 7 8 |  8.4
Shields        | 4 5 |  5.4

Action                   |  1- 3 |  4- 6 |  7- 9 | 10-12 | 13-15 || total
-------------------------+-------+-------+-------+-------+-------++-------
Melee: Short sword       |    63 |       |       |       |       ||    63
       Dagger            |    38 |   232 |   559 |   666 |       ||  1495
       Double sword      |       |       |       |   203 |       ||   203
       Quick blade       |       |       |       |     2 |   473 ||   475
Invok: Berserk           |       |     1 |       |     2 |     5 ||     8
  Use: Scroll            |       |     5 |     8 |     4 |       ||    17
       Potion            |       |       |       |     4 |     2 ||     6
 Stab: Sleeping          |     1 |       |       |       |     1 ||     2
       Distracted        |       |       |       |     1 |       ||     1
       Held in net/web   |       |       |       |     3 |       ||     3
  Eat: Chunk             |     1 |     8 |    11 |    42 |    12 ||    74
       Royal jelly       |       |       |       |     2 |       ||     2
       Fruit             |       |       |       |     1 |       ||     1
Armor: Animal skin       |    18 |       |       |       |       ||    18
       Chain mail        |       |    85 |   162 |       |       ||   247
       Leather armour    |       |     4 |       |   102 |       ||   106
       Ring mail         |       |       |       |    47 |    12 ||    59
       Troll leather arm |       |       |       |       |    33 ||    33
Dodge: Dodged            |    62 |    73 |   214 |   699 |   197 ||  1245
Block: Buckler           |       |       |       |       |     7 ||     7
       Rpst.: Double sword |       |       |       |    66 |       ||    66
